 Dungeon Crawl Stone Soup version 0.25-a0-464-g3004169c2b (webtiles) character file.

Game seed: 5503625386797197942, levelgen mode: deterministic

1194 Erk the Fighter (level 8, 0/78 HPs)
             Began as a Red Draconian Fighter on Feb 4, 2020.
             Slain by an ice beast (6 damage)
             ... on level 6 of the Dungeon.
             The game lasted 00:17:41 (4350 turns).

Erk the Fighter (Red Draconian Fighter)             Turns: 4350, Time: 00:17:42

Health: 0/78       AC: 10    Str: 21    XL:     8   Next: 20%
Magic:  12/12      EV: 10    Int:  9    God:
Gold:   318        SH: 10    Dex: 10    Spells: 12/12 levels left

rFire    + . .     SeeInvis .   c - +0 flail (vorpal)
rCold    . . .     Gourm    .   b - +0 shield
rNeg     . . .     Faith    .   (armour unavailable)
rPois    .         Spirit   .   (helmet restricted)
rElec    .         Reflect  .   p - +2 cloak {MR+}
rCorr    .         Harm     .   (no gloves)
MR       +....                  y - +0 pair of boots
Stlth    +.........             v - amulet of inaccuracy (curse)
HPRegen  0.23/turn              (no ring)
MPRegen  0.13/turn              (no ring)

@: short of breath
A: breathe fire, unfitting armour, fire resistance 1, cold-blooded, AC +6
a: Breathe Fire


You were on level 6 of the Dungeon.
You were not hungry.

You visited 1 branch of the dungeon, and saw 6 of its levels.

You collected 318 gold pieces.

Inventory:

Hand Weapons
 a - a +0 war axe
 c - a +0 vorpal flail (weapon)
 q - a +2 quarterstaff of chaos
Missiles
 j - 14 poisoned darts (quivered)
 o - 7 silver javelins
 x - 3 boomerangs
Armour
 b - a +0 shield (worn)
 p - a +2 cloak of magic resistance (worn)
 y - a +0 pair of boots (worn)
Jewellery
 v - a cursed amulet of inaccuracy (around neck)
Wands
 C - a wand of polymorph (7)
Scrolls
 e - a scroll of fog {unknown}
 h - 3 scrolls of fear {unknown}
 i - 2 scrolls of remove curse {unknown}
 l - a scroll of enchant armour {unknown}
 m - 2 scrolls of immolation {unknown}
 r - 2 scrolls of amnesia {unknown}
 s - 2 scrolls of identify {unknown}
 t - 3 scrolls of teleportation {unknown}
Potions
 f - 3 potions of agility {unknown}
 g - 2 potions of berserk rage {unknown}
 k - 2 potions of haste {unknown}
 n - 3 potions of curing {unknown}
 u - a potion of heal wounds {unknown}
 w - a potion of magic {unknown}
 z - a potion of resistance {unknown}
 A - a potion of degeneration {unknown}
 B - 2 potions of invisibility {unknown}
 D - 2 potions of flight {unknown}
Comestibles
 d - 8 rations


   Skills:
 + Level 9.4 Fighting
 - Level 2.0 Axes
 - Level 2.6 Dodging
 + Level 5.3 Shields
 + Level 2.9 Spellcasting


You had 12 spell levels left.
You didn't know any spells.
Your spell library was empty.

Dungeon Overview and Level Annotations

Branches:
Dungeon (6/15)
 Temple: D:4-7

Altars:
Dithmenos
Hepliaklqana
Okawaru
Yredelemnul


Innate Abilities, Weirdness & Mutations

You can breathe blasts of fire.
Your fiery red scales are hard. (AC +6)
You cannot fit into any form of body armour.
Your flesh is heat resistant. (rF+)
You are cold-blooded and may be slowed by cold attacks.


Message History

Press: ? - help, Shift-Dir - straight line, f/p - ice beast
Aim: an ice beast (severely wounded)
You breathe a blast of fire.
The fiery breath misses the ice beast.
You feel somewhat more hungry.
You hear a croak.
The ice beast hits you but does no damage.
You miss the ice beast.
Your tail-slap misses the ice beast.
The ice beast is severely wounded.
The ice beast hits you but does no damage.
You closely miss the ice beast.
You tail-slap the ice beast, but do no damage.
The ice beast is severely wounded.
The ice beast hits you.
* * * LOW HITPOINT WARNING * * *
The ice beast freezes you!
* * * LOW HITPOINT WARNING * * *
The ice beast hits you.
* * * LOW HITPOINT WARNING * * *
The ice beast freezes you.
You die...

#.# #.# #<# # ### #.#
#....# ########)###
.#...## #..........###
.#..... #(...........##
.......
#.............##.....##
#.......<..##@#........
#..........##Y#.$....#
#.........(......##..#
#..........#...........
#...............#..)%##
#####.#.#..(.☼....##...
#..#.........### ##
#.#....#.......#
#...........##.#


You could see an ice beast.

Vanquished Creatures
  A sky beast (D:6)
  An ice beast (D:5)
  2 ogres (D:4)
  A centaur (D:6)
  2 bullfrogs
  A scorpion (D:3)
  3 hounds (D:4)
  A jelly (D:5)
  Crazy Yiuf (D:2)
  A bullfrog skeleton (D:5)
  An orc priest (D:5)
  A centaur skeleton (D:5)
  Jessica (D:3)
  An iguana (D:4)
  5 worker ants
  A hound skeleton (D:4)
  A howler monkey zombie (D:5)
  A worker ant zombie (D:5)
  A howler monkey skeleton (D:4)
  4 adders
  3 oozes
  An adder skeleton (D:6)
  A worm (D:3)
  4 leopard geckos
  13 orcs
  5 bats
  4 giant cockroaches
  4 goblins
  10 hobgoblins
  6 jackals
  7 kobolds
  2 quokkas
  2 ball pythons
  6 frilled lizards
  A giant cockroach zombie (D:5)
  2 gnoll zombies (D:3)
  A quokka skeleton (D:5)
  7 rats
110 creatures vanquished.

Notes
Turn   | Place    | Note
-------+----------+-------------------------------------------
     0 | D:1      | Erk the Draconian Fighter began the quest for the Orb.
     0 | D:1      | Reached XP level 1. HP: 19/19 MP: 1/1
   112 | D:1      | Reached XP level 2. HP: 23/26 MP: 2/2
   695 | D:2      | Reached skill level 4 in Fighting
   695 | D:2      | Reached XP level 3. HP: 32/33 MP: 3/3
   800 | D:2      | Found a shadowy altar of Dithmenos.
   882 | D:2      | Found a runed translucent door.
   883 | D:2      | Noticed Crazy Yiuf
  1124 | D:2      | Killed Crazy Yiuf
  1124 | D:2      | Reached XP level 4. HP: 28/41 MP: 4/4
  1329 | D:3      | Reached skill level 5 in Fighting
  1381 | D:3      | Noticed Jessica
  1386 | D:3      | Killed Jessica
  1460 | D:3      | Reached XP level 5. HP: 48/49 MP: 5/5
  1579 | D:3      | Reached skill level 6 in Fighting
  2000 | D:3      | Found a basalt altar of Yredelemnul.
  2167 | D:3      | Found a hazy altar of Hepliaklqana.
  2497 | D:4      | Found an iron altar of Okawaru.
  2498 | D:4      | Noticed an ogre
  2506 | D:4      | Killed an ogre
  2506 | D:4      | Reached skill level 7 in Fighting
  2506 | D:4      | Reached XP level 6. HP: 36/60 MP: 6/6
  2759 | D:4      | Reached skill level 8 in Fighting
  2952 | D:4      | Your scales start taking on a fiery red colour.
  2952 | D:4      | Reached XP level 7. HP: 39/68 MP: 7/7
  2952 | D:4      | Gained mutation: Your flesh is heat resistant. (rF+) [Red
                  | Draconian growth]
  3397 | D:4      | Reached skill level 1 in Spellcasting
  3493 | D:5      | Entered Level 5 of the Dungeon
  3905 | D:5      | Reached skill level 9 in Fighting
  4270 | D:6      | Reached skill level 5 in Shields
  4270 | D:6      | Reached XP level 8. HP: 55/78 MP: 11/11
  4350 | D:6      | Slain by an ice beast

Levels and vault maps discovered:
D:1:      sevenhm_arrival_forest_fort_large_4, layout_basic, kennysheep_boxes
D:2:      layout_rooms, grunt_dithmenos_smoke_and_mirrors,
          uniq_crazy_yiuf_cottage
D:3:      layout_loops_ring, lemuel_round_altar,
          lemuel_zombie_altar_yredelemnul, first_ration, minivault_27,
          minmay_increasing_density, uniq_jessica
D:4:      layout_loops_corners, overflow_temple_1_default
D:5:      layout_loops_cross, grunt_ministairs_11, nicolae_zen_rock_garden
D:6:      layout_rooms, nicolae_temple_entry_ecumenical, minmay_misc_feat_tower,
          tgw_fedhas, uniq_menkaure

Skill      XL: |  1  2  3  4  5  6  7 |
---------------+----------------------+-----
Fighting       | 4 5 7 8 9 |  9.4
Shields        | 4 5 |  5.3
Spellcasting   | 2 |  2.9
Axes           | |  2.0
Dodging        | |  2.6

Action                   |  1- 3 |  4- 6 |  7- 9 || total
-------------------------+-------+-------+-------++-------
Melee: War axe           |    95 |   108 |       ||   203
       Tailslap          |     6 |    24 |    23 ||    53
       Flail             |       |    56 |   159 ||   215
 Abil: Breathe Fire      |       |       |     7 ||     7
  Use: Potion            |       |     1 |       ||     1
 Stab: Sleeping          |       |     3 |     1 ||     4
  Eat: Chunk             |       |     3 |     3 ||     6
       Ration            |       |     1 |     1 ||     2
Armor: Skin              |    37 |    56 |    78 ||   171
Dodge: Dodged            |    69 |    69 |    65 ||   203
Block: Shield            |    70 |   103 |    99 ||   272

Table legend:
 A = Non-vault XP
 B = Vault XP
 C = Vault XP percentage of total XP
 D = Non-vault monster count
 E = Vault monster count
 F = Vault count percentage of total count
                 A         B        C        D         E       F
            +---------+---------+-------+---------+---------+-------
      Total |    1509 |     197 |  11.5 |      99 |      11 |  10.0
            +---------+---------+-------+---------+---------+-------
        D:1 |      29 |       0 |   0.0 |      17 |       0 |   0.0
        D:2 |      54 |      41 |  43.2 |      20 |       1 |   4.8
        D:3 |      70 |     112 |  61.5 |      22 |       8 |  26.7
        D:4 |     690 |       0 |   0.0 |      24 |       0 |   0.0
        D:5 |     330 |      44 |  11.8 |      12 |       2 |  14.3
        D:6 |     336 |       0 |   0.0 |       4 |       0 |   0.0
            +---------+---------+-------+---------+---------+-------
